 Dungeon Crawl Stone Soup version 0.14-a0-1330-g3eed206 (webtiles) character file.

498 PolkaDot the Cutter (level 6, 0/48 HPs)
             Began as a Vampire Death Knight on Dec 6, 2013.
             Was a Priest of Yredelemnul.
             Shot with an arrow by a centaur (4 damage)
             ... on Level 5 of the Dungeon.
             The game lasted 00:15:11 (4048 turns).

PolkaDot the Cutter (Vampire Death Knight)          Turns: 4048, Time: 00:15:11

HP   0/48        AC  3     Str  8 (12) XL: 6   Next: 54%
MP   8/8         EV 12     Int 13      God: Yredelemnul [***...]
Gold 99          SH  0     Dex 15      Spells:  0 memorised,  5 levels left

rFire  . . .     SeeInvis +     e - +0 dwarf sabre (curse)
rCold  . . .     Clarity  .     b - +0 leather armour
rNeg   + . .     Conserve .     (no shield)
rPois  .         rCorr    .     (no helmet)
rElec  .         rRot     .     (no cloak)
SustAb . .       Spirit   .     (no gloves)
rMut   .         Warding  .     (no boots)
Saprov . . .     Stasis   .     (no amulet)
                                (no ring)
                                (no ring)

@: slightly resistant to hostile enchantments, unstealthy
A: bottle blood, fangs 3, see invisible, unbreathing
a: Bat Form, Bottle Blood, Animate Dead, Recall Undead Slaves, Injury Mirror,
Renounce Religion


You were on level 5 of the Dungeon.
You worshipped Yredelemnul.
Yredelemnul was most pleased with you.
You were not thirsty.

You visited 1 branch of the dungeon, and saw 5 of its levels.

You collected 129 gold pieces.
You spent 30 gold pieces at shops.

Inventory:

Hand weapons
 e - a cursed +0,+0 dwarven sabre (weapon)
Armour
 b - a +0 leather armour (worn)
Scrolls
 a - a scroll of fog {unknown}
 c - 2 scrolls of fear
 d - a scroll of curse weapon {unknown}
 f - a scroll of recharging {unknown}
 g - a scroll of teleportation {unknown}
 i - a scroll of acquirement {unknown}
 j - a scroll of remove curse {unknown}
 l - 3 scrolls of enchant weapon II
 n - 2 scrolls of amnesia {unknown}
 o - 2 scrolls of identify
Potions
 h - a potion of brilliance


   Skills:
 - Level 3.7 Fighting
 * Level 4.7 Short Blades
 - Level 0.7 Armour
 * Level 4.3 Dodging
 + Level 2.5 Invocations


You had 5 spell levels left.
You didn't know any spells.

Dungeon Overview and Level Annotations

Branches:
Dungeon (5/16)
 Temple: D:4-7

Altars:
Zin

Shops:
D:4 *

Portals:
Ziggurat: D:3 (4220 gp)


Innate Abilities, Weirdness & Mutations

You can bottle blood from corpses.
You have razor-sharp teeth.*
You have supernaturally acute eyesight.
You can survive without breathing.*


Message History

The centaur is severely wounded.
The centaur completely misses you. The quokka closely misses you.
The centaur hits you.
Your orc zombie misses the quokka.
You hit the centaur but do no damage.
The centaur is severely wounded.
The centaur barely misses you. The quokka closely misses you.
You barely miss the centaur.
The centaur is severely wounded.
The centaur barely misses you.
Your orc zombie closely misses the quokka.
The quokka closely misses you. The crimson imp hits you with a sabre.
* * * LOW HITPOINT WARNING * * *
The centaur hits you.
* * * LOW HITPOINT WARNING * * *
Drink which item? (? for menu, Esc to quit)
Okay, then.
The centaur wields an uncursed bow.
The centaur shoots an arrow.
The arrow hits you!
You die...
Yredelemnul claims you as an undead slave.

.....>..# .........#
#.........#
#.........#
#.........#
#.....<...#
#...?cr5..#
#......z(.#
#######@### #!# #.#
######### #.#
........# #.#
..#####.# #.#
..#####.## ####.###
.........## #......#
..###..)..###......#


You could see a centaur, a crimson imp, a quokka and a friendly orc zombie.

Vanquished Creatures
  A crimson imp (D:5)
  A hound (D:4)
  An iguana (D:4)
  3 orc wizards
  3 adders
  6 orcs (D:3)
  A ball python (D:4)
  14 bats
  7 giant cockroaches
  6 hobgoblins
  6 jackals
  12 kobolds
  A quokka (D:4)
  4 giant geckos
  4 giant newts
  6 goblins
  A goblin zombie (D:5)
  A kobold skeleton (D:4)
  A quokka skeleton (D:5)
  13 rats
  A rat skeleton (D:5)
93 creatures vanquished.

Vanquished Creatures (collateral kills)
  An ogre (D:4)
  An orc priest (D:3)
  A hound (D:4)
  An adder (D:2)
  2 worms (D:4)
  An orc (D:4)
  A goblin (D:3)
  3 hobgoblins
  A kobold (D:2)
  3 bats
  A giant newt (D:3)
  A rat (D:2)
17 creatures vanquished.

Vanquished Creatures (others)
  2 bat skeletons
  A bat zombie (D:3)
  3 giant cockroach zombies (D:3)
  A goblin zombie (D:4)
  3 hobgoblin zombies (D:3)
  A jackal zombie (D:4)
  A kobold skeleton (D:2)
  3 kobold zombies
  A rat skeleton (D:2)
  A rat zombie (D:3)
17 creatures vanquished.

Grand Total: 127 creatures vanquished

Notes
Turn   | Place    | Note
--------------------------------------------------------------
     0 | D:1      | PolkaDot, the Vampire Death Knight, began the quest for the Orb.
     0 | D:1      | Reached XP level 1. HP: 16/16 MP: 1/1
   193 | D:1      | Reached XP level 2. HP: 22/22 MP: 2/2
   646 | D:1      | Acquired Yredelemnul's second power
   704 | D:1      | Reached XP level 3. HP: 19/28 MP: 4/4
  1417 | D:2      | Reached skill level 3 in Fighting
  1534 | D:2      | Reached XP level 4. HP: 32/35 MP: 5/5
  1978 | D:3      | Reached XP level 5. HP: 9/41 MP: 6/6
  2394 | D:3      | Acquired Yredelemnul's third power
  2576 | D:3      | Found a gateway to a ziggurat.
  2968 | D:4      | Found Tigaar's General Store.
  2994 | D:4      | Bought a scroll of curse jewellery for 20 gold pieces
  2994 | D:4      | Bought a potion of poison for 10 gold pieces
  3130 | D:4      | Found a glowing silver altar of Zin.
  3146 | D:4      | Reached skill level 4 in Short Blades
  3240 | D:4      | Noticed an ogre
  3251 | D:4      | Killed an ogre
  3251 | D:4      | Reached XP level 6. HP: 18/48 MP: 8/8
  3800 | D:5      | Entered Level 5 of the Dungeon
  4048 | D:5      | Shot with an arrow by a centaur

Action                   |  1- 3 |  4- 6 || total
-------------------------+-------+-------++-------
Melee: Short sword       |   167 |    11 ||   178
       Dagger            |       |   175 ||   175
       Sabre             |       |    98 ||    98
Invok: Animate Remains   |    12 |    11 ||    23
       Animate Dead      |       |    10 ||    10
  Use: Potion            |     1 |     5 ||     6
       Scroll            |       |     4 ||     4
 Stab: Distracted        |     1 |     2 ||     3
       Sleeping          |     1 |       ||     1
